 Dungeon Crawl Stone Soup version 0.28-a0-643-g84cb2ea78e (webtiles) character file.

Game seed: 2163606552533623164

94 cheechan the Grasshopper (level 4, -2/30 HPs)
             Began as an Octopode Warper on Oct 11, 2021.
             Slain by an orc (3 damage)
             ... on level 3 of the Dungeon.
             The game lasted 00:06:56 (2281 turns).

cheechan the Grasshopper (Octopode Warper)          Turns: 2281, Time: 00:06:57

Health: -2/30      AC:  1    Str: 10    XL:     4   Next: 63%
Magic:  7/7        EV: 13    Int: 15    God:
Gold:   88         SH:  0    Dex: 12    Spells: 5/7 levels left

rFire   . . .      SeeInvis .   e - +1 short sword (elec)
rCold   . . .      Faith    +   (no shield)
rNeg    . . .      Spirit   .   (helmet restricted)
rPois   .          Reflect  .   i - amulet of faith
rElec   .          Harm     .   (no ring)
rCorr   .          Rampage  .   (no ring)
Will    .....                   (no ring)
Stlth   ++++......              (no ring)
HPRegen 0.10/turn               (no ring)
MPRegen 0.10/turn               (no ring)
                                (no ring)
                                (no ring)

@: no status effects
A: almost no armour, amphibious, 8 rings, camouflage 1, gelatinous body 1,
nimble swimmer 1, tentacles
a: no special abilities


You were on level 3 of the Dungeon.
You visited 1 branch of the dungeon, and saw 3 of its levels.

You collected 88 gold pieces.

Inventory:

Hand Weapons
 a - a +0 short sword
 e - a +1 short sword of electrocution (weapon)
 f - a +0 long sword
Missiles
 c - 2 boomerangs of dispersal (quivered)
 d - 42 stones
 g - 21 arrows
 h - 11 poisoned darts
Jewellery
 i - an amulet of faith (around mantle)
Wands
 j - a wand of mindburst (16)
Scrolls
 b - a scroll of blinking
 k - a scroll of enchant armour {unknown}


   Skills:
 + Level 2.7 Fighting
 + Level 2.4 Short Blades
 + Level 1.2 Throwing
 + Level 2.7 Dodging
 + Level 2.8 Stealth
 + Level 2.2 Spellcasting
 + Level 3.4 Translocations


You had 5 spell levels left.
You knew the following spells:

 Your Spells              Type           Power      Damage    Failure   Level
a - Blink                 Tloc           N/A        N/A       8%          2

Your spell library contained the following spells:

 Spells                   Type           Power      Damage    Failure   Level
 Gell's Gravitas          Tloc           6%         N/A       16%         3
 Lesser Beckoning         Tloc           12%        N/A       16%         3
 Teleport Other           Tloc           12%        N/A       16%         3
 Manifold Assault         Tloc           12%        N/A       82%         5


Dungeon Overview and Level Annotations

Branches:
Dungeon (3/15)

Altars:
Makhleb
The Shining One


Innate Abilities, Weirdness & Mutations

You cannot wear most types of armour.
You are amphibious.
You can wear up to eight rings at the same time.
Your skin changes colour to match your surroundings (Stealth+).
Your rubbery body absorbs attacks. (AC +1, EV +1)
You are camouflaged near water. (Stealth+)
You have tentacles for arms and can constrict up to eight enemies at once.


Message History

Found a burning altar of Makhleb.
The orange demon screeches!
There is a burning altar of Makhleb here.
Press: ? - help, v - describe, . - travel
Here: a balrug, wielding a +0 demon whip of venom (fire blocked by a translucent stone wall)
The floor.
Unknown command.
Press < or > to pray at altars.
An orc priest comes into view. It is wielding a +0 short sword.
An orc comes into view. It is wielding a +0 whip.
An orc comes into view. It is wielding a +0 dagger.
A hound zombie comes into view.
An orc comes into view. It is wielding a +0 mace.
The orc shouts!
The orc priest shouts!
You hit the orc. You grab the orc.
The orc is heavily wounded.
You constrict the orc, but do no damage.
You completely miss the orc. You squeeze the orc.
You kill the orc!
An orc comes into view. It is wielding a +0 mace.
The orc priest mumbles some strange prayers to Beogh against you.
Beogh smites you!
You hear a shout!
You barely miss the orc priest. You grab the orc priest.
You constrict the orc priest. The orc priest barely misses you.
The orc closely misses you.
You closely miss the hound zombie. You grab the hound zombie.
You constrict the hound zombie. You constrict the orc priest.
The orc priest splashes around in the water.
The orc misses you. The hound zombie barely misses you.
You hit the orc priest. You squeeze the orc priest.
The orc priest is severely wounded.
You constrict the hound zombie, but do no damage.
You constrict the orc priest.
The orc priest mumbles some strange prayers to Beogh against you.
Beogh smites you!
Ouch! That really hurt!
* * * LOW HITPOINT WARNING * * *
The orc hits you with a +0 mace.
You die...

# ...##.#.# #.#..##.#.#
#.#..##.#.# #.#
#...##.#.#####.# ..
##..##.#.....#.#
...§#§#.##.#.....#.###.
...§oooP)..............
§§§o@.........#.#
...§≈§§Z...........#####
###§§§§≈.#####..........
#..≈≈≈.# ####.....#.
#.P....# #.#####.
###.#..# #.# ###. #....#
#.# #3#_ ###..# #.# ####
... #2


You could see an orc priest, 3 orcs and a hound zombie.

Vanquished Creatures
  Ijyb (D:3)
  A howler monkey zombie (D:3)
  3 adders
  A worm (D:2)
  A dart slug (D:2)
  An orc (D:3)
  3 endoplasms
  A giant cockroach (D:1)
  A goblin (D:2)
  A hobgoblin (D:2)
  A quokka (D:1)
  2 ball pythons
  2 ball python zombies (D:3)
  3 bats
  A frilled lizard (D:2)
  3 kobolds
  A quokka skeleton (D:3)
  2 rats (D:1)
29 creatures vanquished.

Notes
Turn   | Place    | Note
-------+----------+-------------------------------------------
     0 | D:1      | cheechan the Octopode Warper began the quest for the Orb.
     0 | D:1      | Reached XP level 1. HP: 14/14 MP: 3/3
   162 | D:1      | Reached XP level 2. HP: 15/19 MP: 5/5
   166 | D:1      | Learned a level 2 spell: Blink
   610 | D:2      | Found a glowing golden altar of the Shining One.
   879 | D:2      | Reached skill level 1 in Stealth
   879 | D:2      | Reached XP level 3. HP: 10/24 MP: 6/6
  1948 | D:3      | Reached XP level 4. HP: 14/30 MP: 7/7
  2231 | D:3      | Noticed Ijyb
  2242 | D:3      | Killed Ijyb
  2249 | D:3      | Found a burning altar of Makhleb.
  2249 | D:3      | Noticed a balrug
  2253 | D:3      | Noticed a smoke demon
  2253 | D:3      | Noticed an orange demon
  2281 | D:3      | HP: 1/30 [orc priest/divine providence (16)]
  2281 | D:3      | Slain by an orc

Illustrated notes

Levels and vault maps discovered:
D:1:      scummos_arrival_checkerplants, layout_basic
D:2:      layout_basic, basic_altar
D:3:      layout_loops_ring, zin_angel, makhleb_altar_promises_db,
          serial_undead, serial_undead_c, serial_undead_a, serial_undead_f,
          serial_undead_c, serial_undead_a, serial_undead_f, serial_undead_c,
          serial_undead_d, serial_undead_a, serial_undead_c, serial_shops,
          nicolae_shop_crystal, nicolae_shop_crystal, uniq_ijyb

Skill      XL: |  1  2  3 |
---------------+----------+-----
Stealth        | 1 2 |  2.8
Fighting       | |  2.7
Short Blades   | |  2.4
Throwing       | |  1.2
Dodging        | |  2.7
Spellcasting   | |  2.2
Translocations | |  3.4

Action                   |  1- 3 |  4- 6 || total
-------------------------+-------+-------++-------
Melee: Short sword       |    58 |     9 ||    67
       Constrict         |    13 |     4 ||    17
       Tentacles         |     8 |     4 ||    12
Throw: Boomerang         |       |     3 ||     3
  Use: Scroll            |       |     1 ||     1
 Stab: Sleeping          |     4 |       ||     4
Armor: Skin              |     4 |       ||     4
Dodge: Dodged            |    50 |     8 ||    58

Table legend: (Time is in decaauts)
 A = Elapsed time spent in this place.
 B = Non-inter-level travel time spent in this place.
 C = Inter-level travel time spent in this place.
 D = Time resting spent in this place.
 E = Time spent auto-exploring this place.
 F = Levels seen in this place.
 G = Mean time per level.
                   A        B        C        D        E       F      G
               +--------+--------+--------+--------+--------+-----+--------+
         Total |   2279 |   2279 |      0 |    823 |      0 |   3 |  759.7 |
       Dungeon |   2279 |   2279 |      0 |    823 |      0 |   3 |  759.7 |
               +--------+--------+--------+--------+--------+-----+--------+

Top non-repeatable levels by time:
     D:2: 1315 daAuts
     D:1: 609 daAuts
     D:3: 354 daAuts
